 Dungeon Crawl Stone Soup version 0.18.1-48-g4cf74bf (webtiles) character file.

484 RickumRackum the Digger (level 7, -2/45 HPs)
             Began as an Octopode Earth Elementalist on Aug 23, 2016.
             Was an Initiate of Sif Muna.
             Slain by a water moccasin (4 damage)
             ... on level 7 of the Dungeon on Aug 24, 2016.
             The game lasted 00:48:23 (5396 turns).

RickumRackum the Digger (OpEE)                      Turns: 5396, Time: 00:48:25

Health: -2/45      AC:  5    Str:  7    XL:     7   Next: 12%
Magic:  8/10       EV: 13    Int: 19    God:    Sif Muna [......]
Gold:   137        SH:  0    Dex: 12    Spells: 4 memorised, 1 level left

rFire  + . .     SeeInvis +     j - +1 quarterstaff
rCold  . . .     Gourm    .     (shield currently unavailable)
rNeg   . . .     Faith    .     (helmet restricted)
rPois  .         Spirit   .     (no amulet)
rElec  .         Dismiss  .     e - ring of protection from fire
rCorr  .         Reflect  .     k - ring of sustain attributes
SustAt +         Harm     .     q - ring of see invisible
MR     .....                    (no ring)
Stlth  ++++......               (no ring)
                                (no ring)
                                (no ring)
                                (no ring)

@: lethally poisoned (-2 -> -10), not resistant to hostile enchantments,
stealthy
A: almost no armour, amphibious, 8 rings, constrict 8, rough black scales 1,
camouflage 1, low mp 1, wild magic 1, gelatinous body 1
a: Renounce Religion


You were on level 7 of the Dungeon.
You worshipped Sif Muna.
Sif Muna was noncommittal.
You were not hungry.

You visited 1 branch of the dungeon, and saw 5 of its levels.

You collected 176 gold pieces.
You spent 39 gold pieces at shops.

Inventory:

Hand Weapons
 j - a +1 quarterstaff (weapon)
Missiles
 a - 145 stones (quivered)
Jewellery
 e - a ring of protection from fire (left tentacle)
 k - a ring of sustain attributes (right tentacle)
 q - a ring of see invisible (on tentacle)
Wands
 m - a wand of paralysis (10/24)
Scrolls
 d - 5 scrolls of amnesia
 g - 2 scrolls of recharging
 h - a scroll of identify
 o - a scroll of immolation {unknown}
 p - a scroll of remove curse
Potions
 n - a potion of curing
 r - a potion of magic {unknown}
 s - a potion of heal wounds {unknown}
Books
 b - a book of Geomancy

   Spells                             Type                      Level
   a - Sandblast                      Earth                        1
   b - Passwall                       Transmutation/Earth          2
   c - Stone Arrow                    Conjuration/Earth            3
   d - Petrify                        Transmutation/Earth          4
   e - Lee's Rapid Deconstruction     Earth                        5
 l - a book of Transfigurations

   Spells                             Type                      Level
   a - Irradiate                      Conjuration/Transmutation    5
   b - Statue Form                    Transmutation/Earth          6
   c - Hydra Form                     Transmutation                6
   d - Dragon Form                    Transmutation                7
Comestibles
 c - 6 bread rations
 f - a meat ration
 i - a beef jerky


   Skills:
 + Level 2.0 Fighting
 + Level 1.4 Staves
 + Level 2.8 Dodging
 + Level 3.9 Stealth
 - Level 1.1 Unarmed Combat
 * Level 3.3 Spellcasting
 + Level 1.9 Conjurations
 + Level 1.9 Transmutations
 * Level 4.5 Earth Magic
 + Level 1.0 Invocations
 + Level 0.9 Evocations


You had one spell level left.
You knew the following spells:

 Your Spells              Type           Power        Failure   Level  Hunger
e - Stone Arrow           Conj/Erth      ###...       17%         3    ###....
q - Sandblast             Erth           ####..       4%          1    None
r - Lee's Rapid Deconstr  Erth           ####......   82%         5    ######.
w - Passwall              Trmt/Erth      ###.......   12%         2    ##.....


Dungeon Overview and Level Annotations

Branches:
Dungeon (4/15)
 Temple: D:4-7

Altars:
Cheibriados
Fedhas
Makhleb
Sif Muna
Trog
Zin

Shops:
D:4 !


Innate Abilities, Weirdness & Mutations

You cannot wear most types of armour.
You are amphibious.
You can wear up to eight rings at the same time.
You can use your tentacles to constrict eight enemies at once.
Your skin changes colour to match your surroundings (Stealth).
Your rubbery body absorbs attacks (AC +1).
You are partially covered in rough black scales (AC +4, Dex -1).
Your magical capacity is low (-10% MP).
Your spells are a little harder to cast, but a little more powerful.


Message History

* * * LOW HITPOINT WARNING * * *
Casting: Sandblast
Confirm with . or Enter, or press ? or * to list all spells.
Aiming: Sandblast
Press: ? - help, Shift-Dir - straight line, f/p - water moccasin
Aim: a water moccasin (lightly wounded, constricted by you)
The blast of sand hits the water moccasin.
The water moccasin is moderately wounded.
You constrict the water moccasin.
* * * LOW HITPOINT WARNING * * *
You feel sick. The water moccasin bites you.
* * * LOW HITPOINT WARNING * * *
You barely miss the water moccasin.
The water moccasin is moderately wounded.
You constrict the water moccasin.
* * * LOW HITPOINT WARNING * * *
You feel sick.
The water moccasin bites you but does no damage.
The water moccasin bites you.
You die...

##### #### #### ...#
#.. [.# ####.###.#
#.#
#...[..#.#####.######
#.##@#..............#
#S###.#####.#.....
..# #.# #.#.##.# .###
#.. ..#>##<# #. ####
####.##.# # #.##.#
#.##.# #..... ####.#


You could see a water moccasin.

Vanquished Creatures
  An ogre (D:4)
  A scorpion (D:4)
  A howler monkey (D:4)
  A hound (D:7)
  A giant frog skeleton (D:4)
  An orc wizard (D:4)
  A worker ant (D:4)
  A worker ant zombie (D:3)
  6 adders
  3 oozes
  An adder zombie (D:7)
  2 worms
  2 dart slugs (D:2)
  5 giant geckos
  4 orcs (D:4)
  2 ball pythons
  10 bats
  5 giant cockroaches
  15 goblins
  10 hobgoblins
  4 jackals (D:4)
  3 quokkas
  6 giant newts
  14 kobolds
  A quokka skeleton (D:4)
  8 rats
109 creatures vanquished.

Notes
Turn   | Place    | Note
--------------------------------------------------------------
     0 | D:1      | RickumRackum the Octopode Earth Elementalist began the quest for the Orb.
     0 | D:1      | Reached XP level 1. HP: 11/11 MP: 3/3
   112 | D:1      | Reached XP level 2. HP: 17/17 MP: 0/5
   692 | D:1      | Reached skill level 1 in Fighting
   843 | D:1      | Reached XP level 3. HP: 23/23 MP: 3/6
  1088 | D:1      | Reached skill level 1 in Unarmed Combat
  1186 | D:1      | Learned a level 2 spell: Passwall
  1190 | D:1      | Learned a level 3 spell: Stone Arrow
  1638 | D:2      | Found a deep blue altar of Sif Muna.
  1638 | D:2      | Found a burning altar of Makhleb.
  1664 | D:2      | Became a worshipper of Sif Muna the Loreminder
  1898 | D:2      | Reached XP level 4. HP: 20/28 MP: 3/7
  2076 | D:2      | Learned a level 3 spell: Stone Arrow
  2888 | D:2      | Found a blossoming altar of Fedhas.
  3440 | D:3      | Found a snail-covered altar of Cheibriados.
  3450 | D:3      | Reached skill level 1 in Conjurations
  3649 | D:3      | Reached XP level 5. HP: 33/33 MP: 7/9
  3982 | D:3      | Found a glowing silver altar of Zin.
  4458 | D:4      | Noticed an ogre
  4464 | D:4      | Killed an ogre
  4464 | D:4      | Reached skill level 1 in Staves
  4464 | D:4      | Reached skill level 4 in Earth Magic
  4464 | D:4      | Reached XP level 6. HP: 11/38 MP: 1/10
  4696 | D:4      | Found a bloodstained altar of Trog.
  4887 | D:4      | Gained mutation: You are frail (-10% HP). [potion of mutation]
  4887 | D:4      | Gained mutation: Your magical capacity is low (-10% MP). [potion of mutation]
  4887 | D:4      | Gained mutation: You are partially covered in rough black scales (AC +4, Dex -1). [potion of mutation]
  4888 | D:4      | Gained mutation: Your spells are a little harder to cast, but a little more powerful. [potion of mutation]
  4888 | D:4      | Lost mutation: You are frail (-10% HP). [potion of mutation]
  4962 | D:4      | Learned a level 5 spell: Lee's Rapid Deconstruction
  5095 | D:4      | Found Quvvapae's Distillery.
  5103 | D:4      | Bought a potion of curing for 39 gold pieces
  5165 | D:4      | Reached skill level 1 in Invocations
  5165 | D:4      | Reached XP level 7. HP: 42/45 MP: 5/10
  5308 | D:4      | You fall through a shaft for 3 floors!
  5396 | D:7      | HP: 2/45 [poisoned by a water moccasin]
  5396 | D:7      | Slain by a water moccasin

Skill      XL: |  1  2  3  4  5  6 |
---------------+-------------------+-----
Fighting       | 1 2 |  2.0
Unarmed Combat | 1 |  1.1
Stealth        | 3 |  3.9
Conjurations   | 1 |  1.9
Staves         | 1 |  1.4
Spellcasting   | 3 |  3.3
Earth Magic    | 4 |  4.5
Invocations    | 1 |  1.0
Dodging        | |  2.8
Transmutations | |  1.9
Evocations     | |  0.9

Action                   |  1- 3 |  4- 6 |  7- 9 || total
-------------------------+-------+-------+-------++-------
Melee: Unarmed           |    37 |     1 |       ||    38
       Constrict         |     8 |    17 |     3 ||    28
       Tentacles         |     5 |    13 |     2 ||    20
       Quarterstaff      |       |    57 |    11 ||    68
 Cast: Sandblast         |    51 |   115 |     7 ||   173
       Passwall          |     3 |       |       ||     3
       Stone Arrow       |     1 |     3 |       ||     4
Evoke: Wand              |       |     1 |       ||     1
  Use: Potion            |     2 |     4 |       ||     6
       Scroll            |       |    10 |       ||    10
 Stab: Paralysed         |       |     2 |       ||     2
  Eat: Chunk             |     4 |    10 |       ||    14
       Beef jerky        |       |       |     1 ||     1
Armor: Skin              |     3 |    11 |     3 ||    17
Dodge: Dodged            |    34 |    64 |    11 ||   109
